 Dungeon Crawl Stone Soup version 0.27-a0-1071-ga85bd9520d (console) character file.

Game seed: 14251890909363985527

8 nht the Digger (level 2, 18/19 HPs)
             Began as a Demonspawn Earth Elementalist on Apr 24, 2021.
             Quit the game on level 1 of the Dungeon.
             The game lasted 00:00:40 (218 turns).

nht the Digger (Demonspawn Earth Elementalist)       Turns: 218, Time: 00:00:41

Health: 18/19      AC:  2    Str:  8    XL:     2   Next: 0%
Magic:  0/5        EV: 12    Int: 16    God:
Gold:   0          SH:  0    Dex: 13    Spells: 4/5 levels left

rFire    . . .     SeeInvis .   (no weapon)
rCold    . . .     Faith    .   (no shield)
rNeg     . . .     Spirit   .   c - +0 robe
rPois    .         Reflect  .   (no helmet)
rElec    .         Harm     .   (no cloak)
rCorr    .         Rampage  .   (no gloves)
Will     .....                  (no boots)
Stlth    ++........             (no amulet)
HPRegen  0.06/turn              (no ring)
MPRegen  0.18/turn              (no ring)

@: no status effects
A: magic regeneration
a: no special abilities


You were on level 1 of the Dungeon.
You visited 1 branch of the dungeon, and saw 1 of its levels.

Inventory:

Missiles
 b - 58 stones
Armour
 c - a +0 robe (worn)


   Skills:
 - Level 1.7 Dodging
 - Level 1.7 Stealth
 - Level 2.0 Spellcasting
 - Level 0.8 Transmutations
 + Level 3.2 Earth Magic


You had 4 spell levels left.
You knew the following spells:

 Your Spells              Type           Power      Damage    Failure   Level
a - Sandblast             Erth           24%        2d8       5%          1

Your spell library contained the following spells:

 Spells                   Type           Power      Damage    Failure   Level
 Passwall                 Tmut/Erth      6%         N/A       14%         2
 Stone Arrow              Conj/Erth      12%        3d7       32%         3
 Petrify                  Tmut/Erth      8%         N/A       65%         4
 Lee's Rapid Deconstruct  Erth           6%         3d7*      83%         5


Dungeon Overview and Level Annotations

Branches:
Dungeon (1/15)

Altars:


Innate Abilities, Weirdness & Mutations

You regenerate magic rapidly.


Message History

The hobgoblin is almost dead.
The blast of sand hits the hobgoblin.
You kill the hobgoblin!
The rat twitches its whiskers.
The blast of sand hits the rat.
You kill the rat!
Your Earth Magic skill increases to level 3!
A hobgoblin is nearby!
Found a leather armour.
The blast of sand hits the hobgoblin.
The hobgoblin is lightly wounded.
The hobgoblin shouts!
A kobold comes into view. It is wielding a +0 dagger.
You are too depleted to draw on your mana recklessly!
The kobold shouts!
The kobold throws a stone.
The stone misses you.
The blast of sand hits the hobgoblin.
You kill the hobgoblin!
The kobold throws a stone.
The stone hits you but does no damage.
The kobold throws a stone.
The stone barely misses you.
The blast of sand hits the kobold.
You kill the kobold!
b - 62 stones (gained 4)
You see here a +0 dagger.
You see here a hobgoblin corpse.
A hobgoblin comes into view.
Found a fuming emerald potion.
The hobgoblin shouts!
The blast of sand misses the hobgoblin.
The blast of sand hits the hobgoblin.
The hobgoblin is almost dead.
The hobgoblin closely misses you.
The blast of sand misses the hobgoblin.
The hobgoblin hits you.
The blast of sand hits the hobgoblin!
You kill the hobgoblin!
An endoplasm comes into view.
You have reached level 2!
Your demonic ancestry asserts itself...
Your magic begins to regenerate rapidly.
Are you sure you want to abandon this character and quit the game? (Confirm with "yes".)

...█ █... █..█ █..█
█████..█████ █.█.
█.........[█ █.██
█..........█ █.██
..........████████.██
█████..>..████.....†.██
█...................██
█.....@†...██...†...█
█.....█....██.......█
█.....█.............█
█.....█.............█
█.....█...†.........█ █
█.....█.............███
█.....████████.......██
█..J....!.......████.██
█.██████████ █.█.


You could see an endoplasm (wandering).

Vanquished Creatures
  A ball python (D:1)
  3 hobgoblins (D:1)
  A kobold (D:1)
  A frilled lizard (D:1)
  A rat (D:1)
7 creatures vanquished.

Notes
Turn   | Place    | Note
-------+----------+-------------------------------------------
     0 | D:1      | nht the Demonspawn Earth Elementalist began the quest for
                  | the Orb.
     0 | D:1      | Reached XP level 1. HP: 13/13 MP: 3/3
   112 | D:1      | Reached skill level 3 in Earth Magic
   218 | D:1      | Gained mutation: You regenerate magic rapidly. [demonic
                  | ancestry]
   218 | D:1      | Reached XP level 2. HP: 18/19 MP: 0/5
   218 | D:1      | Quit the game

Illustrated notes

Levels and vault maps discovered:
D:1:      dpeg_arrival_simpleton_a, layout_basic,
          hellmonk_ecumenical_altar_leap_of_faith, minmay_tetromino_i2

Skill      XL: |  1 |
---------------+----+-----
Earth Magic    | 3 |  3.2
Dodging        | |  1.7
Stealth        | |  1.7
Spellcasting   | |  2.0
Transmutations | |  0.8

Action                   || total
-------------------------++-------
 Cast: Sandblast         ||    13
Armor: Robe              ||     1
Dodge: Dodged            ||     3

Table legend: (Time is in decaauts)
 A = Elapsed time spent in this place.
 B = Non-inter-level travel time spent in this place.
 C = Inter-level travel time spent in this place.
 D = Time resting spent in this place.
 E = Time spent auto-exploring this place.
 F = Levels seen in this place.
 G = Mean time per level.
                   A        B        C        D        E       F      G
               +--------+--------+--------+--------+--------+-----+--------+
         Total |    218 |    218 |      0 |      0 |    150 |   1 |  218.0 |
       Dungeon |    218 |    218 |      0 |      0 |    150 |   1 |  218.0 |
               +--------+--------+--------+--------+--------+-----+--------+

Top non-repeatable levels by time:
     D:1: 218 daAuts
